Map: Lost and Found LE

Players

Couguar

  • Race: Protoss Protoss
  • League: Grandmaster
  • Spawn Location: 1:00

ExE - Winner!

  • Race: Terran Terran
  • League: Master
  • Spawn Location: 7:00

VOD

Have the link to the VOD?

Description

Time

  • Played on: July 2, 2018, 1:40 a.m.
  • Length: 12:28
Show
View Real Time Build Order
Export as new Build Order

Couguar Protoss 

Build Orders: 1 Gate Expand, Blink Stalkers 

Get SALT Encoding   

  1  0:00  Probe  
  12  0:06  Probe  
  14  0:17  Pylon  
  14  0:20  Probe  
  15  0:35  Probe  
  16  0:38  Gateway  
  16  0:46  Assimilator  
  16  0:47  Probe  
  17  0:57  Probe  
  18  1:05  Probe  
  19  1:15  Probe  
  20  1:22  Nexus  
  20  1:33  Cybernetics Core  
  20  1:34  Probe  
  21  1:41  Assimilator  
  21  1:46  Probe  
  22  1:51  Pylon  
  22  1:58  Probe  
  22  2:00  Stalker  
  23  2:09  Warp Gate  
  23  2:12  Probe  
  26  2:20  Pylon  
  26  2:24  Probe  
  26  2:29  Stalker  
  29  2:40  Robotics Facility  
  29  2:43  Probe  
  30  2:46  Probe  
  31  2:55  Probe  
  31  2:58  Probe  
  33  3:02  Gateway  
  33  3:07  Probe  
  33  3:10  Probe  
  35  3:14  Gateway  
  35  3:18  Shield Battery  
  35  3:20  Probe  
  35  3:22  Probe  
  37  3:28  Observer  
  37  3:30  Probe x2  
  37  3:32  Twilight Council  
  39  3:38  Probe  
  39  3:39  Probe, Stalker  
  44  3:50  Observer  
  44  3:51  Probe  
  44  3:53  Blink  
  44  3:55  Pylon  
  46  3:56  Assimilator  
  46  3:59  Assimilator  
  46  4:01  Observer  
  46  4:02  Gateway  
  46  4:05  Pylon  
  46  4:07  Probe  
  46  4:08  Probe  
  48  4:22  Warp Prism  
  50  4:29  Gateway  
  50  4:31  Gateway  
  50  4:34  Stalker  
  50  4:36  Probe  
  50  4:37  Probe  
  54  4:46  Stalker x2  
  54  4:52  Pylon  
  58  5:00  Zealot  
  58  5:01  Zealot  
  50  5:14  Stalker  
  52  5:22  Gateway  
  52  5:23  Gateway  
  52  5:25  Stalker x2  
  52  5:26  Stalker  
  58  5:35  Probe x2  
  58  5:39  Stalker  
  60  5:42  Pylon  
  60  5:45  Pylon  
  60  5:52  Stalker  
  62  6:03  Immortal  
  53  6:09  Pylon  
  53  6:11  Stalker x3  
  59  6:29  Stalker x2  
  59  6:31  Pylon  
  59  6:32  Pylon  
  61  6:57  Stalker x4  
  67  7:30  Immortal  
  67  7:32  Nexus  
  67  7:34  Probe  
  71  7:42  Probe  
  72  7:44  Dark Shrine  
  73  7:57  Zealot x2  
  77  8:07  Assimilator  
  77  8:09  Assimilator  
  73  8:21  Zealot x3  
  63  8:43  Probe  
  63  8:45  Stalker x3  
  70  8:49  Pylon  
  70  9:04  Probe  
  70  9:09  Observer  
  71  9:10  Stalker x2  
  71  9:11  Stalker x2  
  71  9:15  Sentry x2  
  71  9:16  Probe  
  82  9:40  Observer  
  82  9:43  Charge  
  76  9:48  Probe  
  76  9:49  Immortal  
  76  9:52  Forge  
  81  9:53  Forge  
  81  9:54  Observer  
  81  10:06  Sentry  
  83  10:07  Stalker, Sentry  
  83  10:08  Stalker x3  
  75  10:36  Nexus, Immortal  
  79  10:44  Sentry x2  
  79  10:48  Stalker  
  85  11:08  Immortal  
  85  11:09  Stalker x4  
  96  11:19  Probe  
  93  11:44  Stalker x4  
  85  12:02  Zealot x2  
  72  12:10  Dark Templar  
Show
View Real Time Build Order
Export as new Build Order

ExE Terran - Winner!

Build Orders: Reaper Expand 

Get SALT Encoding   

  12  0:01  SCV  
  13  0:13  SCV  
  14  0:17  Supply Depot  
  14  0:25  SCV  
  15  0:32  Refinery  
  15  0:39  SCV  
  16  0:44  Barracks  
  16  0:51  SCV  
  17  1:03  SCV  
  18  1:15  SCV  
  19  1:37  Orbital Command, Reaper  
  20  1:42  Command Center  
  20  1:56  Factory  
  20  2:00  Refinery  
  20  2:03  SCV  
  21  2:09  Barracks Reactor  
  21  2:12  Supply Depot  
  21  2:16  SCV  
  22  2:28  SCV  
  23  2:41  Starport  
  23  2:42  Factory Tech Lab  
  23  2:46  Marine x2  
  23  2:48  SCV  
  26  2:55  Orbital Command  
  26  3:01  SCV  
  26  3:03  Siege Tank  
  26  3:05  Marine  
  31  3:06  Marine  
  32  3:14  SCV  
  33  3:21  SCV  
  33  3:22  Marine  
  33  3:24  Marine  
  33  3:27  SCV  
  37  3:35  Supply Depot, Siege Tank  
  37  3:36  SCV  
  37  3:39  SCV  
  42  3:44  Medivac  
  42  3:45  Marine x2  
  46  3:51  Supply Depot  
  46  3:57  SCV x2  
  48  4:03  Liberator, Marine x2  
  48  4:06  Supply Depot  
  48  4:09  SCV x2  
  52  4:21  Marine, SCV x2  
  52  4:22  Marine  
  59  4:25  Supply Depot  
  59  4:33  SCV x2  
  61  4:38  Bunker  
  61  4:39  Bunker  
  61  4:45  Bunker  
  61  4:47  Marine x2  
  61  4:48  Siege Tank  
  61  4:50  SCV x2  
  68  4:54  Refinery  
  63  5:17  Bunker  
  63  5:20  Siege Tank  
  66  5:28  Barracks  
  66  5:29  Marine x2  
  66  5:31  Barracks  
  66  5:33  Bunker  
  68  5:41  SCV x2  
  70  5:44  Command Center  
  70  5:47  Marine x2  
  72  5:53  Bunker  
  72  5:55  SCV  
  73  5:59  SCV  
  73  6:00  Engineering Bay  
  68  6:05  Marine  
  68  6:07  SCV  
  70  6:15  Siege Tank  
  70  6:16  Barracks Tech Lab  
  73  6:19  Barracks Tech Lab, Medivac  
  73  6:20  Marine  
  73  6:21  SCV  
  73  6:23  Marine  
  75  6:32  Bunker  
  75  6:33  SCV x2  
  75  6:37  Supply Depot x2  
  75  6:38  Supply Depot  
  77  6:48  Combat Shields  
  74  7:05  Orbital Command, Marauder x2  
  74  7:06  Starport Reactor  
  77  7:11  Barracks, Siege Tank  
  78  7:21  Marine x2  
  74  7:23  SCV x2  
  74  7:27  Marauder  
  74  7:29  Refinery  
  73  7:31  Terran Infantry Weapons Level 1  
  73  7:34  Barracks  
  73  7:36  SCV x3  
  76  7:39  Marauder  
  78  7:48  Marauder  
  78  7:50  Medivac x2  
  84  7:51  SCV x2  
  84  7:52  SCV  
  84  7:57  Supply Depot x2  
  84  7:58  Factory Reactor, Supply Depot x2  
  87  8:00  Barracks Tech Lab  
  87  8:01  Marauder  
  87  8:03  SCV x2  
  87  8:04  Barracks Reactor, SCV  
  92  8:15  SCV x2  
  93  8:20  Medivac x2  
  93  8:23  Marine x4  
  93  8:27  Orbital Command  
  87  8:40  Marine  
  88  8:41  Barracks Tech Lab  
  88  8:42  Barracks Tech Lab  
  88  8:44  Stimpack  
  88  8:53  Missile Turret  
  88  8:55  Missile Turret  
  88  9:03  Marauder x3, Marine x4  
  88  9:08  Armory  
  98  9:10  Engineering Bay, Concussive Shells  
  98  9:11  Supply Depot x2  
  98  9:12  Medivac x2  
  98  9:13  Supply Depot, SCV x2  
  98  9:14  SCV  
  105  9:17  Missile Turret  
  105  9:18  Missile Turret  
  105  9:21  Marine x2  
  105  9:22  Missile Turret  
  107  9:24  Marauder x3  
  107  9:27  Missile Turret  
  107  9:30  Missile Turret  
  108  9:40  Orbital Command  
  108  9:44  Marine x3  
  108  9:45  Marine  
  108  9:46  Marauder x3  
  114  9:53  Medivac  
  116  10:02  Marine  
  119  10:07  Marauder x2  
  119  10:08  Marauder  
  119  10:09  Refinery, Marine  
  119  10:11  Bunker, Missile Turret  
  119  10:13  Refinery  
  124  10:15  SCV x2  
  112  10:30  Marauder x2  
  112  10:31  Marauder  
  112  10:32  Marine x2  
  112  10:35  Liberator x2  
  119  10:43  Supply Depot  
  119  10:45  Marine x2  
  121  10:51  Marauder x2  
  121  10:56  Marauder, Marine  
  134  10:57  Marine  
  135  11:13  Marauder  
  135  11:16  Marauder, Marine x4  
  135  11:18  Marauder  
  145  11:33  Marine  
  145  11:34  Marauder, Marine  
  145  11:35  Medivac x2  
  145  11:36  Widow Mine x2, Marine  
  145  11:37  Marauder  
  145  11:39  Marauder  
  162  11:40  Marine  
  163  11:51  Marine x2  
  163  11:54  Marine  
  159  11:55  Marauder  
  159  11:58  Marauder  
  159  11:59  Marine  
  159  12:00  Marauder  
  154  12:09  Marine x2  
Tags
 
Add a new tag
Caveats
  • Supply blocks, unpowered buildings, or Contaminate may cause inaccurate times.
  • Supply counts are checked every 10 seconds.